 Dungeon Crawl Stone Soup version 0.29.1 (webtiles) character file.

Game seed: 14347803482094747979

17878 leafyfresh the Thaumaturge (level 12, -24/92 HPs)
             Began as a Gnoll Hedge Wizard on Sept 12, 2022.
             Was an Elder of Cheibriados.
             Annihilated by an orc warlord
             ... wielding a +1 spectral great sword
              (28 damage)
             ... on level 1 of the Orcish Mines.
             The game lasted 00:53:04 (21554 turns).

leafyfresh the Thaumaturge (Gnoll Hedge Wizard)    Turns: 21554, Time: 00:53:05

Health: -24/92     AC:  8    Str: 26    XL:     12   Next: 52%
Magic:  1/26       EV: 22    Int: 30    God:    Cheibriados [****..]
Gold:   887        SH:  5    Dex: 31    Spells: 1/32 levels left

rFire   + . .      SeeInvis .   y - +4 scimitar (flame)
rCold   + + .      Faith    .   u - orb {light}
rNeg    . . .      Spirit   .   t - +1 robe "Dashed" {rF+ rC+ Str+4}
rPois   .          Reflect  +   L - +2 helmet
rElec   .          Harm     .   (no cloak)
rCorr   .          Rampage  .   (no gloves)
Will    .....                   h - +0 pair of boots
Stlth   ++........              v - amulet of reflection
HPRegen 0.25/turn               f - +6 ring of dexterity
MPRegen 0.20/turn               b - +6 ring of dexterity

@: mighty, glowing, very slow
A: fangs 1, strong nose, distributed training, clever 1, cold resistance 1,
strong 1
a: Renounce Religion, Bend Time, Temporal Distortion, Slouch


You were on level 1 of the Orcish Mines.
You worshipped Cheibriados.
Cheibriados was greatly pleased with you.
You visited 3 branches of the dungeon, and saw 13 of its levels.

You collected 1005 gold pieces.
You spent 118 gold pieces at shops.

Inventory:

Hand Weapons
 l - a +5 long sword
 m - the +6 great sword of Equivalence {vorpal, Dex+4}
   (You took it off a hobgoblin on level 1 of the Dungeon)

   It inflicts extra damage upon your enemies.
   Dex:       It affects your dexterity (+4).
 y - a +4 scimitar of flaming (weapon)
 J - a +4 falchion
 N - a +2 whip of flaming
 T - a +1 halberd of protection
Missiles
 q - 20 poisoned darts
 Q - a throwing net
Armour
 h - a +0 pair of boots (worn)
 t - the +1 robe "Dashed" (worn) {rF+ rC+ Str+4}
   (You bought it in a shop on level 4 of the Dungeon)

   Str:       It affects your strength (+4).
   rF:        It protects you from fire.
   rC:        It protects you from cold.
 u - an orb of light (worn)
 w - an orb of mayhem
 L - a +2 helmet (worn)
 M - +0 swamp dragon scales
 R - a +1 robe of willpower
Jewellery
 b - a +6 ring of dexterity (right hand)
 f - a +6 ring of dexterity (left hand)
 v - an amulet of reflection (around neck)
 F - an amulet of faith
 K - a +6 ring of dexterity
 S - an amulet of the acrobat
 X - an amulet of magic regeneration
Wands
 c - a wand of roots (13)
 O - a wand of paralysis (12)
Scrolls
 a - 4 scrolls of butterflies
 j - a scroll of silence
 o - 2 scrolls of immolation
 p - 4 scrolls of poison
 r - 4 scrolls of amnesia
 G - a scroll of noise
 H - a scroll of magic mapping
 I - a scroll of vulnerability
Potions
 d - a potion of magic
 g - a potion of invisibility {unknown}
 i - 4 potions of attraction
 k - 2 potions of berserk rage
 s - a potion of ambrosia
 x - 4 potions of curing {unknown}
 z - 2 potions of resistance
 A - 2 potions of cancellation
 C - 2 potions of flight {unknown}
 D - a potion of lignification {unknown}
 E - 3 potions of haste
Miscellaneous
 U - a phantom mirror (inert)
 V - a phial of floods (inert)
 W - a tin of tremorstones (1/2)


   Skills:
 + Level 7.6 Fighting
 + Level 7.6 Short Blades
 + Level 7.6 Long Blades
 + Level 7.6 Axes
 + Level 7.6 Maces & Flails
 + Level 7.6 Polearms
 + Level 7.6 Staves
 + Level 7.6 Ranged Weapons
 + Level 7.6 Throwing
 + Level 7.6 Armour
 + Level 9.0 Dodging
 + Level 8.8 Stealth
 + Level 7.6 Shields
 + Level 7.6 Unarmed Combat
 + Level 10.5 Spellcasting
 + Level 6.7 Conjurations
 + Level 6.3 Hexes
 + Level 6.7 Summonings
 + Level 6.3 Necromancy
 + Level 6.7 Translocations
 + Level 6.3 Transmutations
 + Level 6.3 Fire Magic
 + Level 6.3 Ice Magic
 + Level 6.3 Air Magic
 + Level 6.3 Earth Magic
 + Level 6.3 Poison Magic
 + Level 8.4 Invocations
 + Level 7.6 Evocations


You had one spell level left.
You knew the following spells:

 Your Spells              Type           Power      Damage    Failure   Level
a - Magic Dart            Conj           100%       1d8       1%          1
b - Mephitic Cloud        Conj/Pois/Air  53%        N/A       1%          3
c - Blink                 Tloc           100%       N/A       1%          2
d - Call Imp              Summ           54%        N/A       1%          2
e - Ensorcelled Hibernat  Hex/Ice        100%       N/A       1%          2
f - Conjure Flame         Conj/Fire      53%        6-21      1%          3
g - Lightning Bolt        Conj/Air       26%        1d42      6%          5
h - Anguish               Hex/Necr       26%        N/A       2%          4
i - Manifold Assault      Tloc           54%        N/A       5%          5
j - Animate Armour        Summ/Erth      100%       N/A       2%          4

Your spell library contained the following spells:

 Spells                   Type           Power      Damage    Failure   Level
 Slow                     Hex            100%       N/A       1%          1
 Static Discharge         Conj/Air       53%        3-10/arc  1%          2
 Lesser Beckoning         Tloc           54%        N/A       1%          3
 Spider Form              Tmut/Pois      52%        N/A       1%          3
 Stone Arrow              Conj/Erth      100%       3d13      1%          3
 Lehudib's Crystal Spear  Conj/Erth      26%        10d7      100%        8
 Maxwell's Capacitive Co  Air            26%        ∞         100%        8


Dungeon Overview and Level Annotations

Branches:
Dungeon (11/15)            Temple (1/1) D:4            Lair (0/5) D:10
    Orc (1/2) D:11

Altars:
Ashenzari
Cheibriados
Dithmenos
Elyvilon
Fedhas
Gozag
Hepliaklqana
Kikubaaqudgha
Makhleb
Nemelex Xobeh
Okawaru
Qazlal
Ru
Sif Muna
Trog
Uskayaw
Vehumet
Wu Jian
Xom
Yredelemnul
Zin
The Shining One
Jiyva

Shops:
D:2 :   D:4 =?[*(

Annotations:
D:7 3 runed translucent doors, CertainDeath's ghost, novice TrTm
D:9 2 transporters
Orc:1 1 transporter


Innate Abilities, Weirdness & Mutations

You have very sharp teeth.
Your uncanny sense of smell can sniff out nearby items.
Your experience applies equally to all skills.
Your mind is acute. (Int +4, Str/Dex -1)
Your flesh is cold resistant. (rC+)
Your muscles are strong. (Str +4, Int/Dex -1)


Message History

Here: an orc warlord, wielding a +1 spectral great sword and wearing a +0 plate armour (severely wounded, haloed)
The floor.
Unknown command.
Casting: Blink (safe; 1% risk of failure)
Confirm with . or Enter, or press ? or * to list all spells.
Aiming: Mephitic Cloud (safe; 1% risk of failure)
Press: ? - help, Shift-Dir - straight line The ball explodes into a vile cloud!
The stinking cloud engulfs the orc warlord but does no damage.
The orc warlord is severely wounded.
The orc warlord is engulfed in noxious fumes.
The orc warlord appears confused.
Casting: Mephitic Cloud (safe; 1% risk of failure)
Confirm with . or Enter, or press ? or * to list all spells.
You don't have enough magic to cast this spell.
Unknown command.
Unknown command.
Unknown command.
The orc warlord is engulfed in noxious fumes.
You see here 21 gold pieces.
Casting: Mephitic Cloud (safe; 1% risk of failure)
Confirm with . or Enter, or press ? or * to list all spells.
Aiming: Magic Dart (safe; 1% risk of failure)
Press: ? - help, Shift-Dir - straight line, f - orc warlord
Aim: an orc warlord, wielding a +1 spectral great sword and wearing a +0 plate armour (noxious fumes, severely wounded, confused, haloed, 100% to hit)
The magic dart hits the orc warlord but does no damage.
The orc warlord is severely wounded.
The orc warlord is engulfed in noxious fumes.
Okay, then.
Okay, then.
Casting: Magic Dart (safe; 1% risk of failure)
Confirm with . or Enter, or press ? or * to list all spells.
Okay, then.
Unknown command.
You slice the orc warlord!! You burn the orc warlord.
You bite the orc warlord, but do no damage.
The orc warlord is almost dead.
The orc warlord seems less confused.
The orc warlord hits you with a +1 spectral great sword!!
You die...

##......####.<>......#.
#...#....#..........#..
##.#^...........#....#.
###.#######...........
##..#♣♣♣♣♣#88#####88##
#..##$$...####...####.
#.8#$$$♣...##.....##..
#.©#©.$☼○.©#©..♣)©#©..
#.8#$@o♣...##...).##..
###
#..##$$☼°☼####...####.
# ###.###
##..#♣♣♣♣♣#88#####88##
###.....##
##.#######.)[........
##.......#
#.......))........##
........##
##########.).#......
........# ##)#.....##
#......## ##.#.#..^#
.##.....# #.......##


You could see an orc warlord.

Vanquished Creatures
  A hydra (D:11)
  Erica (Orc:1)
  A centaur warrior (D:11)
  3 two-headed ogres
  5 orc knights (Orc:1)
  Pikel (D:8)
  A cyclops (D:11)
  Maggie (D:7)
  A tengu conjurer (D:11)
  A kobold demonologist (D:11)
  A slime creature (D:11)
  Sigmund (D:3)
  A culicivora (shapeshifter) (D:11)
  A vampire (D:10)
  A wraith (D:11)
  A shadow (D:11)
  3 wyverns
  11 yaks
  2 basilisks (D:10)
  4 wargs (Orc:1)
  Menkaure (D:7)
  An acid dragon (D:9)
  3 ice beasts
  15 orc warriors
  A black bear (D:6)
  7 centaurs
  5 ogres
  A phantom (D:11)
  A lemure (D:7)
  A kobold brigand (D:10)
  3 bullfrogs
  3 gnoll sergeants
  5 scorpions
  19 wights
  14 killer bees
  4 howler monkeys
  5 vampire bats
  An electric eel (D:8)
  5 hounds
  5 orc priests
  7 jellies
  3 iguanas
  5 orc wizards
  8 ogre zombies (D:11)
  Robin (D:2)
  14 gnolls
  3 adders
  A white imp (D:5)
  An ufetubus (D:5)
  3 worms
  2 dart slugs
  34 orcs
  14 bats
  4 bat skeletons (D:5)
  3 bat zombies (D:5)
  20 endoplasms
  2 giant cockroaches
  12 goblins
  10 hobgoblins
  3 quokkas (D:1)
  10 ball pythons
  2 frilled lizards (D:1)
  3 goblin zombies (D:11)
  2 hobgoblin skeletons (D:11)
  2 hobgoblin zombies (D:11)
  11 kobolds
  2 orc skeletons (D:11)
  16 orc zombies (D:11)
  5 rats
345 creatures vanquished.

Vanquished Creatures (others)
  A jelly (D:11)
  6 fungi (D:11)
  A plant (D:4)
8 creatures vanquished.

Grand Total: 353 creatures vanquished

Notes
Turn   | Place    | Note
-------+----------+-------------------------------------------
     0 | D:1      | leafyfresh the Gnoll Hedge Wizard began the quest for the
                  | Orb.
     0 | D:1      | Reached XP level 1. HP: 13/13 MP: 8/8
   373 | D:1      | Reached XP level 2. HP: 13/19 MP: 10/10
  1066 | D:1      | Reached XP level 3. HP: 25/25 MP: 11/11
  1429 | D:1      | Found a faded altar of an unknown god.
  1474 | D:2      | Noticed Robin
  1515 | D:1      | Reached skill level 1 in Invocations
  2456 | D:2      | Identified the +6 great sword of Equivalence {vorpal,
                  | Dex+4}
  2606 | D:2      | Reached skill level 1 in Fighting
  2606 | D:2      | Reached skill level 1 in Short Blades
  2606 | D:2      | Reached skill level 1 in Long Blades
  2606 | D:2      | Reached skill level 1 in Axes
  2606 | D:2      | Reached skill level 1 in Maces & Flails
  2606 | D:2      | Reached skill level 1 in Polearms
  2606 | D:2      | Reached skill level 1 in Staves
  2606 | D:2      | Reached skill level 1 in Ranged Weapons
  2606 | D:2      | Reached skill level 1 in Throwing
  2606 | D:2      | Reached skill level 1 in Armour
  2606 | D:2      | Reached skill level 1 in Shields
  2606 | D:2      | Reached skill level 1 in Unarmed Combat
  2606 | D:2      | Reached skill level 1 in Evocations
  2738 | D:2      | Found Arpheq Giogh's Book Emporium.
  2826 | D:2      | Reached XP level 4. HP: 28/32 MP: 13/13
  2830 | D:2      | Killed Robin
  3383 | D:2      | Learned a level 3 spell: Mephitic Cloud
  3386 | D:2      | Learned a level 2 spell: Blink
  3389 | D:2      | Learned a level 2 spell: Call Imp
  3417 | D:3      | Reached skill level 1 in Hexes
  3417 | D:3      | Reached skill level 1 in Necromancy
  3417 | D:3      | Reached skill level 1 in Transmutations
  3417 | D:3      | Reached skill level 1 in Fire Magic
  3417 | D:3      | Reached skill level 1 in Ice Magic
  3417 | D:3      | Reached skill level 1 in Air Magic
  3417 | D:3      | Reached skill level 1 in Earth Magic
  3417 | D:3      | Reached skill level 1 in Poison Magic
  3696 | D:3      | Noticed Sigmund
  3869 | D:4      | Noticed an ogre
  3877 | D:4      | Killed an ogre
  3878 | D:4      | Reached XP level 5. HP: 38/38 MP: 10/14
  3942 | D:4      | Found Gaevi's Magic Scroll Boutique.
  3943 | D:4      | Found Nosasyha's Antique Armour Boutique.
  3943 | D:4      | Found Dienasaabb's Weapon Boutique.
  3944 | D:4      | Found Vemuosex's Assorted Antiques.
  3945 | D:4      | Found a staircase to the Ecumenical Temple.
  3947 | D:4      | Reached XP level 6. HP: 44/44 MP: 16/16
  3955 | Temple   | Entered the Ecumenical Temple
  4087 | D:4      | Reached skill level 5 in Dodging
  4170 | D:4      | Bought a scroll of identify for 22 gold pieces
  4186 | D:4      | Learned a level 2 spell: Ensorcelled Hibernation
  4205 | D:4      | Bought a heavily jewelled robe for 96 gold pieces
  4205 | D:4      | Identified the +1 robe "Dashed" {rF+ rC+ Str+4} (You bought
                  | it in a shop on level 4 of the Dungeon)
  4366 | D:4      | Found Xiefu's One-of-a-Kind Rings.
  4616 | D:5      | Entered Level 5 of the Dungeon
  4752 | D:5      | Reached XP level 7. HP: 50/50 MP: 13/18
  4948 | D:5      | Reached skill level 5 in Stealth
  4956 | D:5      | Found an ancient bone altar of Kikubaaqudgha.
  5078 | D:5      | Found an opulent altar of Gozag.
  5566 | D:6      | Reached XP level 8. HP: 50/58 MP: 19/19
  5676 | D:6      | Found a glowing silver altar of Zin.
  5983 | D:6      | Found a sparkling altar of Nemelex Xobeh.
  6018 | D:6      | Reached skill level 8 in Spellcasting
  6128 | D:6      | Found a hazy altar of Hepliaklqana.
  6193 | D:6      | You fall into a shaft and drop 3 floors!
  6359 | D:7      | Noticed Maggie
  6572 | D:7      | Found a shadowy altar of Dithmenos.
  6700 | D:7      | Learned a level 3 spell: Conjure Flame
  6765 | D:7      | Found a runed translucent gate.
  6765 | D:7      | Found a runed translucent gate.
  6765 | D:7      | Found a runed translucent gate.
  6770 | D:7      | Noticed CertainDeath's ghost (novice TrTm)
  6772 | D:7      | Noticed a troll
  6878 | D:7      | Reached XP level 9. HP: 49/65 MP: 21/21
  7014 | D:7      | Noticed Menkaure
  7020 | D:7      | Killed Menkaure
  7237 | D:3      | Killed Sigmund
  7901 | D:8      | Reached skill level 5 in Invocations
  8227 | D:8      | Found an iron altar of Okawaru.
  8252 | D:8      | Noticed Pikel
  8512 | D:7      | Killed Maggie
  8967 | D:8      | Found a snail-covered altar of Cheibriados.
  8968 | D:8      | Found a hide-covered altar of Uskayaw.
  8979 | D:8      | Became a worshipper of Cheibriados the Contemplative
  9387 | D:8      | Killed Pikel
  9388 | D:8      | Reached skill level 5 in Fighting
  9388 | D:8      | Reached skill level 5 in Short Blades
  9388 | D:8      | Reached skill level 5 in Long Blades
  9388 | D:8      | Reached skill level 5 in Axes
  9388 | D:8      | Reached skill level 5 in Maces & Flails
  9388 | D:8      | Reached skill level 5 in Polearms
  9388 | D:8      | Reached skill level 5 in Staves
  9388 | D:8      | Reached skill level 5 in Ranged Weapons
  9388 | D:8      | Reached skill level 5 in Throwing
  9388 | D:8      | Reached skill level 5 in Armour
  9388 | D:8      | Reached skill level 5 in Shields
  9388 | D:8      | Reached skill level 5 in Unarmed Combat
  9388 | D:8      | Reached skill level 5 in Evocations
  9388 | D:8      | Reached XP level 10. HP: 50/74 MP: 22/22
 11077 | D:9      | Reached skill level 9 in Spellcasting
 11084 | D:9      | Reached * piety under Cheibriados
 11374 | D:9      | Reached skill level 5 in Conjurations
 11374 | D:9      | Reached skill level 5 in Summonings
 11374 | D:9      | Reached skill level 5 in Translocations
 11707 | D:9      | Found a viscous altar of Jiyva.
 11831 | D:9      | Found a transporter.
 11832 | D:9      | Found a transporter.
 12418 | D:10     | Entered Level 10 of the Dungeon
 12442 | D:10     | Reached ** piety under Cheibriados
 12544 | D:10     | Found a staircase to the Lair.
 13284 | D:10     | Found a bloodstained altar of Trog.
 13337 | D:10     | Reached skill level 5 in Hexes
 13337 | D:10     | Reached skill level 5 in Necromancy
 13337 | D:10     | Reached skill level 5 in Transmutations
 13337 | D:10     | Reached skill level 5 in Fire Magic
 13337 | D:10     | Reached skill level 5 in Ice Magic
 13337 | D:10     | Reached skill level 5 in Air Magic
 13337 | D:10     | Reached skill level 5 in Earth Magic
 13337 | D:10     | Reached skill level 5 in Poison Magic
 13536 | D:10     | Reached XP level 11. HP: 75/81 MP: 24/24
 13838 | D:10     | Found a shimmering altar of Xom.
 14485 | D:10     | Found a radiant altar of Vehumet.
 14485 | D:10     | Found a sacrificial altar of Ru.
 15213 | D:11     | Reached *** piety under Cheibriados
 15284 | D:11     | Noticed a two-headed ogre
 15297 | D:11     | Killed a two-headed ogre
 15954 | D:11     | Reached **** piety under Cheibriados
 15989 | D:11     | Found a staircase to the Orcish Mines.
 16481 | D:11     | Noticed a sixfirhy
 16770 | D:11     | Noticed a soul eater
 16956 | D:11     | Noticed a centaur warrior
 16985 | D:11     | Killed a centaur warrior
 16988 | D:11     | Reached ***** piety under Cheibriados
 17395 | D:11     | Noticed a cyclops
 17403 | D:11     | Killed a cyclops
 17409 | D:11     | Reached skill level 10 in Spellcasting
 17800 | D:11     | Noticed an eight-headed hydra
 18085 | D:11     | Killed an eight-headed hydra
 18675 | D:11     | Noticed a boulder beetle
 18776 | D:11     | HP: 3/83 [boulder beetle (8)]
 19217 | D:10     | Learned a level 5 spell: Lightning Bolt
 19222 | D:10     | Learned a level 4 spell: Anguish
 19804 | Orc:1    | Entered Level 1 of the Orcish Mines
 19856 | Orc:1    | Found a transporter.
 19857 | Orc:1    | Found an ornate altar of the Wu Jian Council.
 19857 | Orc:1    | Noticed an orc warlord
 19871 | Orc:1    | Noticed Erica
 19878 | Orc:1    | Killed Erica
 19880 | Orc:1    | Noticed a two-headed ogre
 19881 | Orc:1    | Noticed an orc knight
 19884 | Orc:1    | Noticed an orc knight
 19894 | Orc:1    | Killed a two-headed ogre
 19895 | Orc:1    | Reached XP level 12. HP: 78/91 MP: 9/26
 20007 | Orc:1    | Gained mutation: Your muscles are strong. (Str +4, Int/Dex
                  | -1) [potion of mutation]
 20007 | Orc:1    | Gained mutation: You expend magic power (3 MP) to
                  | strengthen your wands. [potion of mutation]
 20008 | Orc:1    | Lost mutation: You expend magic power (3 MP) to strengthen
                  | your wands. [potion of mutation]
 20008 | Orc:1    | Lost mutation: Your muscles are strong. (Str +4, Int/Dex
                  | -1) [potion of mutation]
 20008 | Orc:1    | Gained mutation: You are somewhat resistant to further
                  | mutation. [potion of mutation]
 20009 | Orc:1    | Lost mutation: You are somewhat resistant to further
                  | mutation. [potion of mutation]
 20009 | Orc:1    | Gained mutation: Your mind is acute. (Int +4, Str/Dex -1)
                  | [potion of mutation]
 20009 | Orc:1    | Gained mutation: Your muscles are strong. (Str +4, Int/Dex
                  | -1) [potion of mutation]
 20009 | Orc:1    | Gained mutation: Your flesh is cold resistant. (rC+)
                  | [potion of mutation]
 20030 | Orc:1    | Noticed a two-headed ogre
 20038 | Orc:1    | Killed a two-headed ogre
 20155 | Orc:1    | Found a transporter.
 20159 | Orc:1    | Found a transporter.
 20162 | Orc:1    | Found an ornate altar of the Wu Jian Council.
 20163 | Orc:1    | Found a transporter.
 20666 | Orc:1    | Learned a level 5 spell: Manifold Assault
 21408 | Orc:1    | Learned a level 4 spell: Animate Armour
 21543 | Orc:1    | HP: 1/92 [orc warlord/+1 spectral great sword (34)]
 21554 | Orc:1    | Annihilated by an orc warlord

Illustrated notes

Levels and vault maps discovered:
D:1:      amcnicky_arrival_underground_garden, layout_basic,
          shapermc_ecumenical_altar_petra
D:2:      layout_rooms, serial_shops, nicolae_shop_crystal,
          kennysheep_generic_room_15, uniq_robin
D:3:      layout_rooms, uniq_sigmund
D:4:      layout_rooms, minmay_temple_entry_overgrown,
          nicolae_shop_unique_rings, minmay_shop_grid_forest
D:5:      layout_loops_corners, nicolae_gozag_seed_capital,
          kennysheep_vampire_church
D:6:      layout_loops_cross, nemelex_diamond_rough_becter, zin_statuary,
          mainiacjoe_overflow_boulevard
D:7:      layout_loops_ring, grunt_dithmenos_smoke, gammafunk_ghost_split,
          uniq_menkaure, uniq_maggie
D:8:      layout_layer_cave, nicolae_overflow_squiral,
          mainiacjoe_overflow_alcove_1, uniq_pikel
D:9:      gammafunk_jiyva_shrine, layout_basic, enter_bailey_2,
          kennysheep_decorative_pillar, kennysheep_another_room
D:10:     layout_basic, xom_teletrap_fun, gammafunk_temple_overflow_wave,
          mainiacjoe_overflow_alcove_4, david_lair_generic, nicolae_sextant
D:11:     lemuel_slime, layout_basic, zombieorc2_lemuel, kb_rosetta
Temple:   dpeg_three_leaves_temple
Orc:1:    dreamdust_wu_jian_sword_trials, layout_caves, roderic_batcave,
          mines1_david, uniq_erica

Skill      XL: |  1  2  3  4  5  6  7  8  9 10 11 12 |
---------------+-------------------------------------+-----
Conjurations   | 2 3 4 5 6 |  6.7
Summonings     | 2 3 4 5 6 |  6.7
Translocations | 2 3 4 5 6 |  6.7
Invocations    | 1 2 3 4 5 6 7 8 |  8.4
Fighting       | 1 2 3 4 5 6 7 |  7.6
Short Blades   | 1 2 3 4 5 6 7 |  7.6
Long Blades    | 1 2 3 4 5 6 7 |  7.6
Axes           | 1 2 3 4 5 6 7 |  7.6
Maces & Flails | 1 2 3 4 5 6 7 |  7.6
Polearms       | 1 2 3 4 5 6 7 |  7.6
Staves         | 1 2 3 4 5 6 7 |  7.6
Ranged Weapons | 1 2 3 4 5 6 7 |  7.6
Throwing       | 1 2 3 4 5 6 7 |  7.6
Armour         | 1 2 3 4 5 6 7 |  7.6
Shields        | 1 2 3 4 5 6 7 |  7.6
Unarmed Combat | 1 2 3 4 5 6 7 |  7.6
Evocations     | 1 2 3 4 5 6 7 |  7.6
Hexes          | 1 2 3 4 5 6 |  6.3
Necromancy     | 1 2 3 4 5 6 |  6.3
Transmutations | 1 2 3 4 5 6 |  6.3
Fire Magic     | 1 2 3 4 5 6 |  6.3
Ice Magic      | 1 2 3 4 5 6 |  6.3
Air Magic      | 1 2 3 4 5 6 |  6.3
Earth Magic    | 1 2 3 4 5 6 |  6.3
Poison Magic   | 1 2 3 4 5 6 |  6.3
Dodging        | 5 6 7 8 9 |  9.0
Stealth        | 5 6 7 8 |  8.8
Spellcasting   | 8 9 10 | 10.5

Action                   |  1- 3 |  4- 6 |  7- 9 | 10-12 || total
-------------------------+-------+-------+-------+-------++-------
Melee: Dagger            |   113 |       |       |       ||   113
       Bite              |    18 |     4 |    17 |   112 ||   151
       Great sword       |    13 |    53 |    85 |       ||   151
       Punch             |     1 |       |       |       ||     1
       Falchion          |       |       |    68 |       ||    68
       Long sword        |       |       |       |   468 ||   468
       Whip              |       |       |       |   117 ||   117
       Scimitar          |       |       |       |    74 ||    74
 Cast: Magic Dart        |    36 |     4 |     2 |    13 ||    55
       Mephitic Cloud    |       |     2 |       |    18 ||    20
       Call Imp          |       |       |     1 |     3 ||     4
       Blink             |       |       |       |    27 ||    27
       Conjure Flame     |       |       |       |     2 ||     2
       Ensorcelled Hiber |       |       |       |     2 ||     2
       Lightning Bolt    |       |       |       |     3 ||     3
       Manifold Assault  |       |       |       |     5 ||     5
Invok: Slouch            |       |       |       |     4 ||     4
Evoke: Phial of floods   |       |       |       |     1 ||     1
       Phantom mirror    |       |       |       |     1 ||     1
       Tin of tremorston |       |       |       |     1 ||     1
  Use: Potion            |       |     1 |     1 |     9 ||    11
       Scroll            |       |    10 |     1 |    13 ||    24
 Stab: Sleeping          |    10 |     9 |    17 |       ||    36
       Confused          |       |     1 |     1 |    38 ||    40
       Distracted        |       |       |       |     8 ||     8
Armor: Robe              |    34 |    11 |    24 |    96 ||   165
Dodge: Dodged            |   133 |    54 |   108 |   594 ||   889
Block: Other             |       |     1 |    17 |       ||    18
       Orb               |       |       |    13 |   155 ||   168
       Reflection        |       |       |     2 |     4 ||     6
